 Dungeon Crawl Stone Soup version 0.30-a0-279-g4b46babb21 (webtiles) character file.

Game seed: 13685568301710479185

156 koil the Sneak (level 5, 0/25 HPs)
             Began as a Spriggan Enchanter on Oct 17, 2022.
             Was a Follower of Dithmenos.
             Slain by an orc
             ... wielding a +0 trident
              (2 damage)
             ... on level 4 of the Dungeon.
             The game lasted 00:08:20 (3209 turns).

koil the Sneak (Spriggan Enchanter)                 Turns: 3209, Time: 00:08:20

Health: 0/25       AC:  2    Str:  4    XL:     5   Next: 15%
Magic:  5/11       EV: 18    Int: 16    God:    Dithmenos [*.....]
Gold:   239        SH:  0    Dex: 18    Spells: 6/11 levels left

rFire   . . .      SeeInvis +    a - +1 dagger
rCold   . . .      Faith    .    (no shield)
rNeg    + . .      Spirit   .    b - +0 robe
rPois   .          Reflect  .    (helmet restricted)
rElec   .          Harm     .    (no cloak)
rCorr   .          Rampage  .    (gloves unavailable)
Will    .....                    (boots unavailable)
Stlth   ++++......               (no amulet)
HPRegen 0.24/turn                p - ring of positive energy
MPRegen 0.12/turn                (no ring)

@: wreathed by umbra, very quick
A: very small, no large weapons, unfitting armour, see invisible, speed 3
a: Renounce Religion


You were on level 4 of the Dungeon.
You worshipped Dithmenos.
Dithmenos was aware of your devotion.
You visited 1 branch of the dungeon, and saw 4 of its levels.

You collected 239 gold pieces.

Inventory:

Hand Weapons
 a - a +1 dagger (weapon)
 i - a +0 whip of venom
Armour
 b - a +0 robe (worn)
Jewellery
 j - the dreamshard necklace {*Dream Drain}
   (You found it on level 2 of the Dungeon)

   [amulet of nothing]

   It shatters if its wearer takes lethal or near-lethal damage, preventing the
   blow and releasing protective dreams that heal and fight for the wearer.
   Drain:     It drains your maximum health when unequipped.
 l - an amulet of faith
 p - a ring of positive energy (left hand)
Wands
 r - a wand of roots (10)
Scrolls
 d - a scroll of silence {unknown}
 f - a scroll of magic mapping {unknown}
 g - a scroll of blinking {unknown}
 h - a scroll of fog {unknown}
 m - a scroll of brand weapon {unknown}
 o - 4 scrolls of identify {unknown}
 q - a scroll of summoning {unknown}
Potions
 c - 2 potions of invisibility
 e - 3 potions of curing {unknown}
 k - 2 potions of attraction {unknown}
 n - a potion of brilliance {unknown}


   Skills:
 + Level 1.3 Fighting
 + Level 2.6 Short Blades
 + Level 3.7 Dodging
 + Level 5.2 Stealth
 + Level 3.5 Spellcasting
 + Level 4.4 Hexes


You had 6 spell levels left.
You knew the following spells:

 Your Spells              Type           Power      Damage    Failure   Level
a - Ensorcelled Hibernat  Hex/Ice        18%        N/A       11%         2
b - Confusing Touch       Hex            16%        N/A       9%          3

Your spell library contained the following spells:

 Spells                   Type           Power      Damage    Failure   Level
 Tukima's Dance           Hex            16%        N/A       9%          3
 Sandblast                Erth           4%         2d4       19%         1
 Dazzling Flash           Conj/Hex       18%        N/A       22%         3
 Portal Projectile        Hex/Tloc       18%        N/A       22%         3
 Blink                    Tloc           4%         N/A       26%         2
 Passwall                 Tmut/Erth      1%         N/A       26%         2
 Call Canine Familiar     Summ           2%         N/A       47%         3
 Stone Arrow              Conj/Erth      4%         3d7       47%         3
 Leda's Liquefaction      Hex/Erth       4%         N/A       56%         4
 Manifold Assault         Tloc           2%         N/A       87%         4
 Storm Form               Tmut/Air       1%         N/A       100%        7


Dungeon Overview and Level Annotations

Branches:
Dungeon (4/15)
 Temple: D:4-7

Altars:
Dithmenos


Innate Abilities, Weirdness & Mutations

You are very small and have problems with some larger weapons.
You are too small for most types of armour.
You have supernaturally acute eyesight. (SInv)
You cover ground extremely quickly. (Speed+++)


Message History

The orc wizard is moderately wounded.
The orc wizard hits you but does no damage.
You closely miss the orc wizard.
The orc wizard is moderately wounded.
The orc barely misses you. The orc wizard completely misses you.
You barely miss the orc wizard.
The orc wizard is moderately wounded.
The orc misses you. The orc wizard completely misses you.
You closely miss the orc wizard.
The orc wizard is moderately wounded.
The orc barely misses you.
The orc wizard gestures at you while chanting.
The puff of flame misses you.
You hit the orc wizard.
The orc wizard is heavily wounded.
You barely miss the orc wizard.
The orc wizard is heavily wounded.
The orc closely misses you.
The orc wizard hits you with a +0 dagger.
You hit the orc wizard.
The orc wizard is severely wounded.
The orc completely misses you. The orc wizard casts a spell at you.
You easily resist.
You hit the orc wizard.
The orc wizard is severely wounded.
The orc completely misses you. The orc wizard casts a spell at you.
The puff of flame hits you!
You hit the orc wizard.
The orc wizard is almost dead.
The orc hits you from afar with a +0 trident!
* * * LOW HITPOINT WARNING * * *
The orc wizard hits you but does no damage.
You barely miss the orc wizard.
The orc wizard is almost dead.
You hit the orc wizard but do no damage.
The orc wizard is almost dead.
The orc hits you from afar with a +0 trident.
You die...

#.#.###....#..... ###
...#........#.#... ..
################.#...
####..
#................####
......
#.################
....##.#### ...#....#
#.##.####.#
#....o..#@#
#....##.#o# ....###
#oo.# ### #####


You could see an orc wizard (invisible) and an orc.

Vanquished Creatures
  An orc wizard (D:4)
  3 gnolls (D:2)
  2 adders (D:2)
  3 dart slugs
  8 orcs
  7 ball pythons
  5 endoplasms
  2 giant cockroaches
  5 goblins
  5 hobgoblins
  7 jackals
  8 kobolds
  2 quokkas
  4 bats
  2 frilled lizards
  4 rats
68 creatures vanquished.

Notes
Turn   | Place    | Note
-------+----------+-------------------------------------------
     0 | D:1      | koil the Spriggan Enchanter began the quest for the Orb.
     0 | D:1      | Reached XP level 1. HP: 9/9 MP: 5/5
   243 | D:1      | Found a faded altar of an unknown god.
   254 | D:1      | Reached XP level 2. HP: 12/14 MP: 6/6
   257 | D:1      | Learned a level 2 spell: Ensorcelled Hibernation
  1113 | D:2      | Reached XP level 3. HP: 17/17 MP: 5/8
  1331 | D:2      | Learned a level 3 spell: Confusing Touch
  1460 | D:2      | Reached skill level 1 in Fighting
  1570 | D:2      | Reached skill level 5 in Stealth
  1570 | D:2      | Reached XP level 4. HP: 15/22 MP: 6/9
  1607 | D:2      | Found the dreamshard necklace {*Dream Drain}
  1671 | D:2      | Identified the +1 leather armour "Quoq" {rElec}
  1950 | D:3      | Found a shadowy altar of Dithmenos.
  1984 | D:3      | Became a worshipper of Dithmenos the Shadowed
  3162 | D:4      | Reached * piety under Dithmenos
  3163 | D:4      | Reached XP level 5. HP: 22/25 MP: 6/11
  3207 | D:4      | HP: 1/25 [orc/+0 trident (7)]
  3209 | D:4      | Slain by an orc

Illustrated notes

Levels and vault maps discovered:
D:1:      eino_arrival_water_star, layout_basic,
          chequers_ecumenical_altar_island
D:2:      layout_loops_ring
D:3:      layout_basic, grunt_dithmenos_smoke_and_mirrors
D:4:      layout_basic

Skill      XL: |  1  2  3 |
---------------+----------+-----
Dodging        | 3 |  3.7
Spellcasting   | 3 |  3.5
Hexes          | 4 |  4.4
Fighting       | 1 |  1.3
Short Blades   | 2 |  2.6
Stealth        | 5 |  5.2

Action                   |  1- 3 |  4- 6 || total
-------------------------+-------+-------++-------
Melee: Dagger            |   104 |   157 ||   261
       Punch             |     2 |     2 ||     4
 Cast: Ensorcelled Hiber |    16 |    11 ||    27
 Stab: Sleeping          |    11 |    13 ||    24
       Distracted        |     1 |     1 ||     2
Armor: Robe              |    11 |     9 ||    20
Dodge: Dodged            |    81 |   119 ||   200

Table legend: (Time is in decaauts)
 A = Elapsed time spent in this place.
 B = Non-inter-level travel time spent in this place.
 C = Inter-level travel time spent in this place.
 D = Time resting spent in this place.
 E = Time spent auto-exploring this place.
 F = Levels seen in this place.
 G = Mean time per level.
                   A        B        C        D        E       F      G
               +--------+--------+--------+--------+--------+-----+--------+
         Total |   2274 |   2184 |     90 |    213 |   1428 |   4 |  568.5 |
       Dungeon |   2274 |   2184 |     90 |    213 |   1428 |   4 |  568.5 |
               +--------+--------+--------+--------+--------+-----+--------+

Top non-repeatable levels by time:
     D:2: 791 daAuts
     D:3: 659 daAuts
     D:1: 562 daAuts
     D:4: 260 daAuts
